 Dungeon Crawl Stone Soup version 0.30.0-5-g1a98f26d00 (webtiles) character file.

Game seed: 12019297295501016722

121 backslashecho the Chopper (level 5, -12/47 HPs)
             Began as a Hill Orc Fighter on May 11, 2023.
             Was a Believer of Trog.
             Blown up by Ijyb (17 damage)
             ... with a mindburst bolt
             ... on level 5 of the Dungeon.
             The game lasted 00:04:50 (2137 turns).

backslashecho the Chopper (Hill Orc Fighter)        Turns: 2137, Time: 00:04:51

Health: -12/47     AC:  7    Str: 21    XL:     5   Next: 5%
Magic:  5/5        EV:  9    Int:  8    God:    Trog [**....]
Gold:   87         SH:  4    Dex: 10    Spells: 4/4 levels left

rFire   . . .        a - +0 war axe
rCold   . . .        c - +0 buckler
rNeg    . . .        h - +0 scale mail
rPois   .            i - +1 hat
rElec   .            (no cloak)
rCorr   .            (no gloves)
SInv    .            (no boots)
Will    .....        (no amulet) Stlth
                     (no ring)
HPRegen 0.27/turn    (no ring)
MPRegen 0.09/turn

%: no passive effects
@: mighty
A: no striking features
a: Renounce Religion, Berserk, Trog's Hand


You were on level 5 of the Dungeon.
You worshipped Trog.
Trog was pleased with you.
You visited 1 branch of the dungeon, and saw 4 of its levels.

You collected 87 gold pieces.

Inventory:

Hand Weapons
 a - a +0 war axe (weapon)
 b - a +0 heavy sling
Missiles
 q - 4 poisoned darts
 s - 3 curare-tipped darts
Armour
 c - a +0 buckler (worn)
 h - a +0 scale mail (worn)
 i - a +1 hat (worn)
Wands
 r - a wand of roots (3)
Scrolls
 e - a scroll of fog {unknown}
 g - a scroll of teleportation {unknown}
 j - 2 scrolls of magic mapping {unknown}
 n - 4 scrolls of poison {unknown}
 o - a scroll of blinking {unknown}
 p - 2 scrolls of identify {unknown}
Potions
 d - 2 potions of might
 f - a potion of mutation {unknown}
 k - 2 potions of cancellation {unknown}
 l - 2 potions of ambrosia {unknown}
 m - a potion of attraction {unknown}
 t - a potion of curing {unknown}


   Skills:
 + Level 4.5 Fighting
 * Level 5.0 Axes
 - Level 3.2 Armour
 + Level 4.0 Shields
 - Level 1.0 Unarmed Combat


You had 4 spell levels left.
You didn't know any spells.
Your spell library contained the following spells:

 Spells                   Type           Power      Damage    Failure   Level
 Anguish                  Hex/Necr       0%         N/A       100%        4
 Enfeeble                 Hex            0%         N/A       100%        7


Dungeon Overview and Level Annotations

Branches:
Dungeon (3/15)             Temple (0/1) D:5

Altars:
Trog

Annotations:
D:5 Ijyb


Message History

The orc moves out of view.
An orc comes into view. It is wielding a +0 hand axe.
The hobgoblin shouts!
The orc shouts!
The orc priest shouts, "Join the one true god or die!" (press Y on the ability menu to convert to Beogh)
The goblin hits you but does no damage.
An orc comes into view.
It is wielding a +2 hand axe of flaming.
The orc priest invokes the aid of Beogh against you.
Beogh smites you!
You take 14 damage, and have 33/47 hp.
MASSIVE DAMAGE!!
There is an open door here.
The goblin attacks as you move away! The goblin hits you but does no damage.
The goblin attacks as you move away! The goblin hits you but does no damage.
The goblin attacks as you move away! The goblin hits you but does no damage.
You closely miss the goblin. The goblin hits you but does no damage.
You miss the goblin. The goblin hits you with a +0 dagger.
You take 2 damage, and have 35/47 hp.
Press: ? - help, v - describe, . - travel
Here: Ijyb, wielding a +3 spectral club, wearing a +3 leather armour of poison resistance and carrying a wand of mindburst (13)
The floor.
Unknown command.
Unknown command.
You slash the goblin!
You kill the goblin!
Trog accepts your kill.
You slash Ijyb!
Ijyb is moderately wounded.
Ijyb hits you with a +3 spectral club.
Ijyb zaps a wand.
Your mind is blasted!
* * * LOW HITPOINT WARNING * * *
You take 23 damage, and have 12/47 hp.
MASSIVE DAMAGE!!
You are too injured to fight recklessly!
You feel very mighty all of a sudden.
Ijyb zaps a wand.
You barely resist. You closely miss Ijyb.
Ijyb is moderately wounded.
Ijyb barely misses you.
You hit Ijyb.
Ijyb is heavily wounded.
Ijyb hits you with a +3 spectral club.
* * * LOW HITPOINT WARNING * * *
You hit Ijyb.
Ijyb is almost dead.
Ijyb zaps a wand.
Your mind is blasted!
* * * LOW HITPOINT WARNING * * *
Ijyb hits you but does no damage.
You take 7 damage, and have 5/47 hp.
You closely miss Ijyb.
Ijyb is almost dead.
Ijyb zaps a wand.
Your mind is blasted!
You die...

o.......# .......#
......# . .....## ..
o.. .##. #g##... #####
#.#..# ###...### #g#.#
#.'...'.# #...#
#@#...#.# ###g###
#g#####'####
###..>..###g##.......#
#........goog....)....#
#......≈≈≈≈≈..........#
#....≈~≈≈≈≈≈≈≈....+####
#..≈≈≈~≈≈≈≈≈≈≈≈≈...#
#..≈≈≈≈≈~≈≈≈≈≈≈≈≈≈.##
#..≈≈≈≈≈≈...≈≈≈≈≈≈.#


You could see Ijyb, an orc and 2 hobgoblins.

Vanquished Creatures
  Jessica (D:2)
  3 adders
  A worm (D:2)
  A dart slug (D:3)
  2 orcs (D:3)
  5 ball pythons (D:1)
  4 endoplasms
  2 giant cockroaches
  6 goblins
  3 hobgoblins (D:2)
  2 jackals (D:3)
  6 kobolds
  5 quokkas
  6 bats
  11 frilled lizards
  5 rats
63 creatures vanquished.

Notes
Turn   | Place    | Note
-------+----------+-------------------------------------------
     0 | D:1      | backslashecho the Hill Orc Fighter began the quest for the
                  | Orb.
     0 | D:1      | Reached XP level 1. HP: 19/19 MP: 1/1
    51 | D:1      | Reached skill level 3 in Axes
    83 | D:1      | Found a faded altar of an unknown god.
   102 | D:1      | Reached XP level 2. HP: 27/27 MP: 2/2
   107 | D:1      | Prayed at the altar of an unknown god.
   107 | D:1      | Became a worshipper of Trog the Wrathful
   107 | D:1      | Reached * piety under Trog
   130 | D:1      | Reached skill level 1 in Unarmed Combat
   387 | D:1      | Reached XP level 3. HP: 33/33 MP: 3/3
   980 | D:2      | Reached ** piety under Trog
   981 | D:2      | Reached skill level 4 in Axes
  1219 | D:2      | Noticed Jessica
  1227 | D:2      | Killed Jessica
  1228 | D:2      | Reached XP level 4. HP: 17/41 MP: 4/4
  1974 | D:3      | Reached XP level 5. HP: 44/47 MP: 5/5
  2016 | D:3      | Reached skill level 5 in Axes
  2075 | D:3      | You fall into a shaft and drop 2 floors!
  2075 | D:5      | Entered Level 5 of the Dungeon
  2075 | D:5      | Found the +7 Throatcutter {drain, coup de grace}
  2094 | D:5      | Found a staircase to the Ecumenical Temple.
  2115 | D:5      | Noticed Ijyb
  2116 | D:5      | Noticed a black bear
  2137 | D:5      | Blown up by Ijyb

Illustrated notes

Levels and vault maps discovered:
D:1:      ldierk_walled_garden, layout_basic, basic_ecumenical_altar
D:2:      layout_loops_ring, palyth_stone_intersect, minmay_lizard_pond,
          uniq_jessica
D:3:      minmay_thinvault, layout_loops_ring,
          nicolae_overflow_hallway_of_the_gods, lemuel_doored_altar,
          nicolae_overflow_ecumenical_swirl
D:5:      layout_basic, temple_pool_b, serial_bayou_pond_b, nicolae_goblin_pals

Skill      XL: |  1  2  3  4  5 |
---------------+----------------+-----
Axes           | 3 4 5 |  5.0
Unarmed Combat | 1 |  1.0
Fighting       | 4 |  4.5
Shields        | 4 |  4.0
Armour         | |  3.2

Action                     |  1- 3 |  4- 6 || total
---------------------------+-------+-------++-------
  Melee: War axe           |    97 |    83 ||   180
   Fire: Sling             |    12 |       ||    12
    Use: Potion            |       |     1 ||     1
 Armour: Scale mail        |    62 |    43 ||   105
  Dodge: Dodged            |    49 |    34 ||    83
  Block: Buckler           |    34 |    11 ||    45
